 Dungeon Crawl Stone Soup version 0.27-a0-1200-g94dc6ad4cf (webtiles) character file.

Game seed: 2819506293650199019

4856 Glokmah the Slicer (level 10, -3/64 HPs)
             Began as a Kobold Delver on May 30, 2021.
             Was a High Priest of Nemelex Xobeh.
             Slain by an orc warrior
             ... wielding a +0 trident of flaming
              (6 damage)
             ... on level 9 of the Dungeon.
             The game lasted 00:27:38 (10887 turns).

Glokmah the Slicer (Kobold Delver)                 Turns: 10887, Time: 00:27:40

Health: -3/64      AC:  9    Str:  9    XL:     10   Next: 78%
Magic:  15/15      EV: 13    Int: 18    God:    Nemelex Xobeh [*****.]
Gold:   396        SH:  0    Dex: 20    Spells: 3/13 levels left

rFire    + . .     SeeInvis .   a - +1 short sword (speed)
rCold    + . .     Faith    .   (shield restricted)
rNeg     . . .     Spirit   .   E - +0 swamp dragon scales
rPois    +         Reflect  .   C - +1 helmet
rElec    .         Harm     .   H - scarf {rC+ rF+}
rCorr    .         Rampage  .   (no gloves)
Will     .....                  (no boots)
Stlth    +++++.....             q - amulet of regeneration
HPRegen  1.20/turn              I - +4 ring of slaying
MPRegen  0.14/turn              F - +6 ring of intelligence

@: no status effects
A: small, no large weapons, nightstalker 3
a: Renounce Religion, Draw Escape, Draw Destruction, Draw Summoning, Triple
Draw, Deal Four, Stack Five


You were on level 9 of the Dungeon.
You worshipped Nemelex Xobeh.
Nemelex Xobeh was extremely pleased with you.
You visited 2 branches of the dungeon, and saw 10 of its levels.

You collected 396 gold pieces.

Inventory:

Hand Weapons
 a - a +1 short sword of speed (weapon)
 m - a +0 hand crossbow
Missiles
 k - 15 atropa-tipped darts
 p - 44 bolts
 t - 47 poisoned darts
 v - a throwing net
Armour
 C - a +1 helmet (worn)
 E - +0 swamp dragon scales (worn)
 H - a scarf of resistance (worn)
Jewellery
 j - a ring of see invisible
 o - a ring of magical power
 q - an amulet of regeneration (around neck)
 u - an amulet of the acrobat
 F - a +6 ring of intelligence (right hand)
 G - a ring of protection from cold
 I - a +4 ring of slaying (left hand)
Wands
 b - a wand of acid (6)
 g - a wand of digging (1)
 i - a wand of flame (14) (quivered)
 y - a wand of mindburst (10)
Scrolls
 c - 2 scrolls of fog
 d - 4 scrolls of enchant weapon
 s - 6 scrolls of teleportation
 J - a scroll of identify
Potions
 e - 4 potions of curing
 f - 4 potions of haste
 h - 2 potions of ambrosia
 l - a potion of brilliance
 n - a potion of cancellation
 r - 3 potions of lignification
 w - a potion of attraction
 x - 2 potions of berserk rage
 z - a potion of mutation {unknown}
 A - 2 potions of heal wounds
 B - a potion of magic {unknown}
 D - 2 potions of invisibility {unknown}


   Skills:
 + Level 7.7 Fighting
 * Level 11.9 Short Blades
 - Level 2.4 Dodging
 - Level 10.0 Stealth
 - Level 2.0 Spellcasting
 * Level 5.4 Ice Magic
 + Level 6.9 Invocations


You had 3 spell levels left.
You knew the following spells:

 Your Spells              Type           Power      Damage    Failure   Level
a - Frozen Ramparts       Ice            42%        1d6       16%         3
b - Ozocubu's Armour      Ice            21%        N/A       16%         3
c - Petrify               Tmut/Erth      1%         N/A       99%         4

Your spell library contained the following spells:

 Spells                   Type           Power      Damage    Failure   Level
 Freeze                   Ice            84%        1d10      5%          1
 Magic Dart               Conj           4%         1d3       45%         1
 Sandblast                Erth           2%         2d4       45%         1
 Passwall                 Tmut/Erth      0%         N/A       58%         2
 Searing Ray              Conj           2%         3d3       58%         2
 Dazzling Flash           Conj/Hex       2%         N/A       83%         3
 Stone Arrow              Conj/Erth      2%         3d7       83%         3
 Hailstorm                Conj/Ice       11%        3d5       86%         4
 Fulminant Prism          Conj/Hex       0%         3d6       99%         4
 Iskenderun's Mystic Bla  Conj/Tloc      1%         2d3       99%         4
 Metabolic Englaciation   Hex/Ice        5%         N/A       99%         5
 Lee's Rapid Deconstruct  Erth           0%         3d5*      100%        5


Dungeon Overview and Level Annotations

Branches:
Dungeon (9/15)             Temple (1/1) D:5            Lair (0/6) D:9
    Orc: D:9-12

Altars:
Cheibriados
Dithmenos
Elyvilon
Fedhas
Gozag
Hepliaklqana
Makhleb
Nemelex Xobeh
Okawaru
Qazlal
Ru
Sif Muna
Uskayaw
Vehumet
Wu Jian
Xom
Yredelemnul
Zin
The Shining One

Shops:
D:6 !


Innate Abilities, Weirdness & Mutations

You are small and have problems with some larger weapons.
You are completely attuned to the shadows.


Message History

Reactivating autopickup.
You feel a bit more experienced.
The orc warrior hits you from afar with a +0 trident of flaming!
* * * LOW HITPOINT WARNING * * *
The orc warrior burns you.
* * * LOW HITPOINT WARNING * * *
Glokmah's illusion hits the orc warrior.
Things that are here:
a +0 dagger; a +0 robe The orc warrior hits you with a +0 trident of flaming!
* * * LOW HITPOINT WARNING * * *
The orc warrior burns you.
* * * LOW HITPOINT WARNING * * *
Glokmah's illusion hits the orc warrior.
You see here a black bear corpse.
You hit the orc warrior.
The orc warrior is moderately wounded.
The orc warrior misses you.
You hit the orc warrior.
The orc warrior is moderately wounded.
Glokmah's illusion barely misses the orc warrior.
You draw a card...
You have drawn Wild Magic.
The orc warrior is caught in a violent explosion!
You feel a surge of magic.
The deck of cards glows slightly and disappears.
The orc warrior hits you with a +0 trident of flaming!
* * * LOW HITPOINT WARNING * * *
The orc warrior burns you.
* * * LOW HITPOINT WARNING * * *
Glokmah's illusion barely misses the orc warrior.
You draw a card...
You have drawn the Tomb.
Walls emerge from the floor!
The orc warrior barely misses you.
Glokmah's illusion hits the orc warrior.
Aiming: Mindburst
Press: ? - help, Shift-Dir - straight line, f/p - orc warrior
Aim: an orc warrior, wielding a +0 trident of flaming, wearing a +0 chain mail and quivering boomerangs (severely wounded, ally target, chance to affect: 65%)
The orc warrior struggles to resist.
The orc warrior hits you with a +0 trident of flaming.
You die...
Your body disappears without a glow.

###### ##
##....##############..
##....................
..........######@o..##.
...............#@#.....
#.........####.####..##
#..........(...........
#####..... #..(.##....^
.......... ..###. #..P
#....#####... .
...........#
...........# #####
........... #....


You could see an orc warrior (ally target) and the friendly Glokmah's illusion
(summoned).

Vanquished Creatures
  A queen bee (D:7)
  Grinder (D:6)
  A hornet (D:9)
  A wyvern (D:8)
  3 steam dragons
  Grum (D:9)
  Edmund (D:5)
  A warg (D:9)
  3 water moccasins
  An orc warrior (D:9)
  An ice beast (D:8)
  2 black bears
  A necrophage (D:6)
  4 wolves (D:9)
  2 ogres (D:4)
  3 centaurs
  2 kobold brigands
  A phantom (D:5)
  A bullfrog (D:8)
  A scorpion (D:5)
  6 wights (D:8)
  4 howler monkeys
  A bullfrog zombie (D:6)
  2 hounds
  2 bullfrog skeletons
  An orc priest (D:9)
  A jelly (D:4)
  Natasha (thrice) (D:4)
  An iguana (D:5)
  4 orc wizards
  2 killer bee zombies
  2 howler monkey zombies
  8 gnolls
  An adder (D:6)
  A shadow imp (D:5)
  A white imp (D:6)
  3 worms
  A dart slug (D:3)
  24 orcs
  12 endoplasms
  2 giant cockroaches
  9 hobgoblins
  8 jackals
  4 quokkas
  7 ball pythons
  6 bats
  4 frilled lizards
  14 goblins
  22 kobolds
  6 rats
194 creatures vanquished.

Vanquished Creatures (collateral kills)
  Erolcha (D:9)
  Duvessa (D:5)
  A gnoll sergeant (D:7)
  Dowan (D:5)
  3 gnolls (D:8)
  An orc (D:9)
8 creatures vanquished.

Vanquished Creatures (others)
  A gnoll (D:8)
  An ufetubus (D:6)
  2 plants (D:6)
4 creatures vanquished.

Grand Total: 206 creatures vanquished

Notes
Turn   | Place    | Note
-------+----------+-------------------------------------------
     0 | D:5      | Glokmah the Kobold Delver began the quest for the Orb.
     0 | D:5      | Reached XP level 1. HP: 14/14 MP: 1/1
    10 | D:5      | Noticed Duvessa
    31 | D:5      | Found a staircase to the Ecumenical Temple.
    37 | Temple   | Entered the Ecumenical Temple
   286 | Temple   | Became a worshipper of Nemelex Xobeh the Trickster
   310 | D:5      | Noticed Dowan
   861 | D:4      | Noticed an ogre
  1010 | D:3      | Reached skill level 3 in Short Blades
  1108 | D:3      | Found a radiant altar of Vehumet.
  1112 | D:3      | Reached XP level 2. HP: 11/19 MP: 2/2
  1520 | D:2      | Reached XP level 3. HP: 23/23 MP: 3/3
  1566 | D:2      | Reached skill level 1 in Invocations
  1644 | D:2      | Reached * piety under Nemelex Xobeh
  2441 | D:1      | Received a gift from Nemelex Xobeh
  2711 | D:1      | Reached XP level 4. HP: 28/28 MP: 4/4
  3074 | D:2      | Found a basalt altar of Yredelemnul.
  3133 | D:2      | Reached ** piety under Nemelex Xobeh
  3304 | D:3      | Reached skill level 4 in Short Blades
  3623 | D:3      | Found a glowing silver altar of Zin.
  4091 | D:4      | Killed an ogre
  4092 | D:4      | Reached XP level 5. HP: 33/33 MP: 6/6
  4148 | D:4      | Reached skill level 5 in Short Blades
  4148 | D:4      | Reached XP level 6. HP: 38/38 MP: 7/7
  4210 | D:4      | Received a gift from Nemelex Xobeh
  4555 | D:4      | Noticed Natasha
  4557 | D:4      | Killed Natasha
  4629 | D:4      | Noticed Natasha
  4652 | D:4      | Killed Natasha
  4901 | D:4      | Noticed Natasha
  5005 | D:4      | Killed Natasha
  5118 | D:5      | Noticed a water moccasin
  5128 | D:5      | Killed a water moccasin
  5129 | D:5      | Reached skill level 6 in Short Blades
  5129 | D:5      | Reached XP level 7. HP: 44/44 MP: 9/9
  5144 | D:5      | Learned a level 3 spell: Frozen Ramparts
  5148 | D:5      | Learned a level 3 spell: Ozocubu's Armour
  5159 | D:5      | Found an ornate altar of the Wu Jian Council.
  5181 | D:5      | Noticed Edmund
  5587 | D:5      | Reached *** piety under Nemelex Xobeh
  5743 | D:5      | Reached skill level 5 in Fighting
  5743 | D:5      | Reached skill level 7 in Short Blades
  5832 | D:4      | Reached XP level 8. HP: 45/49 MP: 10/10
  5930 | D:6      | Found Vuamuir's Distillery.
  5932 | D:6      | Received a gift from Nemelex Xobeh
  6059 | D:5      | Killed Edmund
  6492 | D:5      | Killed Dowan
  6505 | D:5      | Killed Duvessa
  6506 | D:5      | Reached skill level 8 in Short Blades
  6582 | D:6      | Noticed Grinder
  6590 | D:6      | Paralysed by Grinder for 3 turns
  6596 | D:6      | Killed Grinder
  6717 | D:6      | Reached XP level 9. HP: 53/55 MP: 12/12
  6783 | D:6      | Reached skill level 9 in Short Blades
  7123 | D:6      | Found a basalt altar of Yredelemnul.
  7178 | D:6      | Reached skill level 5 in Invocations
  7316 | D:6      | Found a white marble altar of Elyvilon.
  7733 | D:7      | Received a gift from Nemelex Xobeh
  7957 | D:7      | Found an iron altar of Okawaru.
  7989 | D:7      | Reached **** piety under Nemelex Xobeh
  7994 | D:7      | Reached skill level 10 in Stealth
  8304 | D:7      | Reached skill level 1 in Ice Magic
  8307 | D:7      | Noticed Maggie
  8331 | D:7      | Noticed Maggie
  8331 | D:7      | Maggie changed into Maggie the queen bee
  8332 | D:7      | Killed Maggie the queen bee
  8333 | D:7      | Reached skill level 10 in Short Blades
  8333 | D:7      | Reached skill level 1 in Spellcasting
  9704 | D:8      | Received a gift from Nemelex Xobeh
  9848 | D:8      | Found a blossoming altar of Fedhas.
  9851 | D:8      | Found a stormy altar of Qazlal.
  9962 | D:8      | Reached XP level 10. HP: 61/61 MP: 14/14
 10265 | D:8      | Reached skill level 11 in Short Blades
 10309 | D:8      | Reached ***** piety under Nemelex Xobeh
 10501 | D:9      | Learned a level 4 spell: Petrify
 10543 | D:9      | Noticed Grum
 10549 | D:9      | Killed Grum
 10688 | D:9      | Reached skill level 5 in Ice Magic
 10690 | D:9      | Found a staircase to the Lair.
 10721 | D:9      | Noticed Erolcha
 10776 | D:9      | Killed Erolcha
 10885 | D:9      | HP: 2/64 [orc warrior/+0 trident of flaming (7)]
 10887 | D:9      | Slain by an orc warrior

Illustrated notes

Levels and vault maps discovered:
D:1:      lemuel_arrival_rhombus, layout_basic
D:2:      layout_rooms, basic_altar
D:3:      layout_loops_cross, vehumet_crystals, lemuel_round_altar,
          minmay_cupped
D:4:      minmay_skewed_foursquare, layout_basic, minmay_misc_feat_roman,
          kennysheep_decorative_pillar, uniq_natasha
D:5:      layout_loops_cross, nicolae_overflow_crystal_walls,
          minmay_temple_entry_junction_2, nicolae_ossuary_entry_ruins,
          serial_bayou_pond_e, uniq_duvessa, uniq_edmund
D:6:      corexii_shantytown, layout_basic, kennysheep_little_box,
          nicolae_overflow_hidden_temple, serial_shops,
          nicolae_shop_statue_plus, uniq_grinder
D:7:      layout_basic, okawaru_metal_pillars_1_2, uniq_maggie
D:8:      layout_gridville, grunt_temple_overflow_forces_of_nature
D:9:      layout_rooms, trog_ov_bears_minmay, erik_lair_orcish_takeover,
          uniq_erolcha, uniq_grum
Temple:   jpeg_temple_clearing

Skill      XL: |  1  2  3  4  5  6  7  8  9 10 |
---------------+-------------------------------+-----
Short Blades   | 3 4 5 6 7 8 10 11 | 11.9
Stealth        | 7 8 9 10 | 10.0
Invocations    | 1 2 3 4 6 |  6.9
Fighting       | 4 5 6 7 |  7.7
Ice Magic      | 3 5 |  5.4
Spellcasting   | 2 |  2.0
Dodging        | |  2.4

Action                   |  1- 3 |  4- 6 |  7- 9 | 10-12 || total
-------------------------+-------+-------+-------+-------++-------
Melee: Short sword       |    96 |   107 |   482 |   117 ||   802
 Cast: Frozen Ramparts   |       |       |       |     2 ||     2
Invok: Draw Destruction  |       |     8 |    15 |     9 ||    32
       Draw Escape       |       |     1 |     3 |     1 ||     5
       Draw Summoning    |       |       |     3 |     2 ||     5
Evoke: Wand              |     2 |     2 |    10 |    14 ||    28
  Use: Scroll            |     2 |    13 |     7 |     2 ||    24
 Stab: Sleeping          |    20 |    13 |    11 |     5 ||    49
       Distracted        |       |     1 |       |     1 ||     2
Armor: Leather armour    |    17 |    16 |    40 |       ||    73
       Swamp dragon scal |       |       |    18 |    23 ||    41
Dodge: Dodged            |    44 |    64 |   238 |    43 ||   389

Table legend: (Time is in decaauts)
 A = Elapsed time spent in this place.
 B = Non-inter-level travel time spent in this place.
 C = Inter-level travel time spent in this place.
 D = Time resting spent in this place.
 E = Time spent auto-exploring this place.
 F = Levels seen in this place.
 G = Mean time per level.
                   A        B        C        D        E       F      G
               +--------+--------+--------+--------+--------+-----+--------+
         Total |  10580 |   9289 |   1291 |   1001 |   5921 |  10 | 1058.0 |
       Dungeon |  10320 |   9149 |   1171 |   1001 |   5793 |   9 | 1146.7 |
        Temple |    259 |    139 |    120 |      0 |    128 |   1 |  259.0 |
               +--------+--------+--------+--------+--------+-----+--------+

Top non-repeatable levels by time:
     D:4: 1770 daAuts
     D:7: 1544 daAuts
     D:5: 1380 daAuts
     D:1: 1273 daAuts
     D:6: 1223 daAuts
     D:3: 1141 daAuts
     D:8: 1023 daAuts
     D:2: 567 daAuts
     D:9: 395 daAuts
  Temple: 259 daAuts
